 Dungeon Crawl Stone Soup version 0.20-a0-1089-g3fde505 (webtiles) character file.

2466 Mesmaeker13 the Destroyer (level 9, 0/53 HPs)
             Began as a Deep Elf Conjurer on May 3, 2017.
             Slain by a killer bee (5 damage)
             ... on level 7 of the Dungeon.
             The game lasted 00:22:37 (10403 turns).

Mesmaeker13 the Destroyer (Deep Elf Conjurer)      Turns: 10403, Time: 00:22:38

Health: 0/53       AC:  6    Str:  5    XL:     9   Next: 26%
Magic:  7/20       EV: 17    Int: 24    God:
Gold:   241        SH:  0    Dex: 15    Spells: 10/20 levels left

rFire    . . .     SeeInvis .   h - +0 dagger
rCold    . . .     Gourm    .   (no shield)
rNeg     . . .     Faith    .   C - +2 robe
rPois    .         Spirit   .   u - +2 helmet
rElec    .         Reflect  .   (no cloak)
rCorr    .         Harm     .   (no gloves)
MR       +....                  (no boots)
Stlth    ++........             (no amulet)
Regen    0.2/turn               g - ring of protection from magic
MPRegen  0.2/turn               (no ring)

@: lethally poisoned (0 -> -20)
A: deformed body, wild magic 1
a: no special abilities


You were on level 7 of the Dungeon.
You were not hungry.

You visited 2 branches of the dungeon, and saw 10 of its levels.

You collected 340 gold pieces.
You spent 99 gold pieces at shops.

Inventory:

Hand Weapons
 d - a +0 hand axe
 h - a +0 dagger (weapon)
Armour
 o - the +3 leather armour of Tartarus {rCorr, unknown}
   (You found it on level 9 of the Dungeon)

   It protects you from acid and corrosion.
 q - a +0 shield
 u - a +2 helmet (worn)
 C - a +2 robe (worn)
Jewellery
 g - a ring of protection from magic (left hand)
Wands
 z - a wand of scattershot (6/9)
Scrolls
 a - a scroll of fog {unknown}
 e - a scroll of amnesia {unknown}
 f - 2 scrolls of remove curse
 j - 4 scrolls of enchant weapon {unknown}
 k - 2 scrolls of enchant armour {unknown}
 m - a scroll of vulnerability {unknown}
 n - 4 scrolls of fear {unknown}
 r - 2 scrolls of teleportation
 v - 3 scrolls of blinking
 w - 2 scrolls of immolation {unknown}
Potions
 s - a potion of brilliance
 x - 2 potions of haste
 A - a potion of mutation
 D - a potion of flight {unknown}
Books
 b - a book of Conjurations

   Spells                             Type                      Level
   a - Magic Dart                     Conjuration                  1
   b - Searing Ray                    Conjuration                  2
   c - Dazzling Spray                 Conjuration/Hexes            3
   d - Fulminant Prism                Conjuration/Hexes            4
   e - Force Lance                    Conjuration/Translocation    4
   f - Iskenderun's Mystic Blast      Conjuration                  4
 y - a book of Callings

   Spells                             Type                      Level
   a - Summon Small Mammal            Summoning                    1
   b - Call Imp                       Summoning                    2
   c - Call Canine Familiar           Summoning                    3
   d - Summon Guardian Golem          Hexes/Summoning              3
   e - Summon Lightning Spire         Summoning/Air                4
   f - Summon Ice Beast               Ice/Summoning                4
Comestibles
 c - 2 bread rations
 l - a meat ration
 p - a fruit
 t - 2 chunks of flesh
 E - a royal jelly


   Skills:
 + Level 4.8 Fighting
 + Level 7.8 Dodging
 - Level 2.4 Stealth
 - Level 6.0 Spellcasting
 - Level 8.0 Conjurations
 - Level 4.6 Hexes
 + Level 3.8 Translocations


You had 10 spell levels left.
You knew the following spells:

 Your Spells              Type           Power        Failure   Level  Hunger
a - Magic Dart            Conj           ####         1%          1    None
b - Searing Ray           Conj           ######       1%          2    None
c - Dazzling Spray        Conj/Hex       #####.       3%          3    #......
d - Force Lance           Conj/Tloc      #####...     11%         4    ###....


Dungeon Overview and Level Annotations

Branches:
Dungeon (9/15)             Temple (1/1) D:4
   Lair: D:8-11         Orc: D:9-12

Altars:
Ashenzari
Cheibriados
Dithmenos
Elyvilon
Fedhas
Gozag
Hepliaklqana
Kikubaaqudgha
Makhleb
Nemelex Xobeh
Okawaru
Qazlal
Ru
Trog
Uskayaw
Wu Jian
Xom
Yredelemnul
Zin
The Shining One

Shops:
D:4 [

Annotations:
D:3 claquette's ghost, amateur HaHu


Innate Abilities, Weirdness & Mutations

Armour fits poorly on your strangely shaped body.
Your spells are a little harder to cast, but a little more powerful.


Message History

The searing ray hits the killer bee.
The killer bee is heavily wounded.
* * * LOW HITPOINT WARNING * * *
You feel sick. The killer bee stings you.
* * * LOW HITPOINT WARNING * * *
You are more poisoned.
The killer bee poisons you! The killer bee closely misses you.
You turn into a tree.
Your +2 helmet melds into your body.
Your +2 robe melds into your body.
Your roots penetrate the ground.
* * * LOW HITPOINT WARNING * * *
You feel sick.
The killer bee stings you but does no damage. x2
It was a potion of cancellation.
Your magical effects are unravelling.
You feel magically purged.
You feel less wooden.
Your +2 helmet unmelds from your body.
Your +2 robe unmelds from your body.
* * * LOW HITPOINT WARNING * * *
You feel sick. The killer bee stings you.
You die...

##.#...........#
#.#...........# ......
#.#...........# .....
#.#...........# ....
##.#...........# ...
.........###...##...
....................
.........###...#5### #y
.........##....#@####...
....#######...[#y#......
....#...................
.#............##.#......
.#............##.####....
.#............##.# ...
.#............##.####....
###......................
###...###........?.......


You could see a killer bee and a crimson imp.

Vanquished Creatures
  Grinder (D:4)
  An ice beast (D:5)
  A necrophage (D:7)
  3 centaurs
  2 ogres (D:5)
  3 bullfrogs
  14 killer bees
  A bullfrog zombie (D:9)
  A quasit (D:5)
  6 orc priests
  2 jellies (D:7)
  3 hounds
  3 orc wizards
  An iguana (D:7)
  3 worker ants
  Natasha (twice) (D:3)
  A hound zombie (D:5)
  Robin (D:3)
  3 gnolls (D:5)
  A howler monkey skeleton (D:5)
  A worker ant zombie (D:5)
  5 adders
  An adder skeleton (D:4)
  2 worms
  A dart slug (D:3)
  6 leopard geckos
  24 orcs
  4 giant cockroaches
  16 goblins
  3 hobgoblins
  6 jackals
  3 quokkas
  2 ball pythons
  4 bats
  10 frilled lizards
  11 kobolds
  7 rats
159 creatures vanquished.

Notes
Turn   | Place    | Note
-------+----------+-------------------------------------------
     0 | D:1      | Mesmaeker13 the Deep Elf Conjurer began the quest for the Orb.
     0 | D:1      | Reached XP level 1. HP: 10/10 MP: 6/6
   346 | D:1      | Reached XP level 2. HP: 15/15 MP: 4/8
  1450 | D:2      | Learned a level 2 spell: Searing Ray
  1633 | D:2      | Reached XP level 3. HP: 19/19 MP: 7/9
  1634 | D:2      | Found a burning altar of Makhleb.
  1637 | D:2      | Noticed a green death
  1638 | D:2      | Found a glowing silver altar of Zin.
  1639 | D:2      | Noticed an angel
  1685 | D:2      | Found a white marble altar of Elyvilon.
  1723 | D:2      | Reached skill level 5 in Conjurations
  2728 | D:3      | Reached XP level 4. HP: 24/24 MP: 7/10
  2899 | D:3      | Found an iron altar of Okawaru.
  2899 | D:3      | Found a shadowy altar of Dithmenos.
  2988 | D:3      | Noticed Natasha
  2991 | D:3      | Killed Natasha
  2991 | D:3      | Reached skill level 1 in Fighting
  3033 | D:3      | Noticed Robin
  3074 | D:3      | Killed Robin
  3645 | D:3      | Noticed Natasha
  3654 | D:3      | Killed Natasha
  3654 | D:3      | Reached XP level 5. HP: 26/29 MP: 2/11
  3866 | D:3      | Noticed claquette's ghost (amateur HaHu)
  4434 | D:4      | Learned a level 3 spell: Dazzling Spray
  4437 | D:4      | Found a staircase to the Ecumenical Temple.
  4444 | Temple   | Entered the Ecumenical Temple
  4661 | D:4      | Reached skill level 1 in Hexes
  5052 | D:4      | Found a blossoming altar of Fedhas.
  5063 | D:4      | Noticed Grinder
  5063 | D:4      | Reached skill level 5 in Dodging
  5063 | D:4      | Reached XP level 6. HP: 30/35 MP: 8/12
  5215 | D:3      | Reached skill level 6 in Conjurations
  5941 | D:4      | Killed Grinder
  5941 | D:4      | Reached XP level 7. HP: 40/40 MP: 4/13
  6297 | D:4      | Found Aceus's Antique Armour Boutique.
  6303 | D:4      | Bought a glowing robe for 99 gold pieces
  6356 | D:5      | Entered Level 5 of the Dungeon
  7502 | D:5      | Reached XP level 8. HP: 44/46 MP: 7/16
  7982 | D:5      | Reached skill level 7 in Conjurations
  7988 | D:5      | Learned a level 4 spell: Force Lance
  8359 | D:6      | You fall through a shaft for 3 floors!
  8367 | D:8      | Found a shimmering altar of Xom.
  8367 | D:8      | Found an ornate altar of the Wu Jian Council.
  8401 | D:9      | Reached skill level 1 in Translocations
  8410 | D:9      | Gained mutation: Armour fits poorly on your strangely shaped body. [potion of mutation]
  8410 | D:9      | Gained mutation: Your spells are a little harder to cast, but a little more powerful. [potion of mutation]
  8411 | D:9      | Reached skill level 5 in Spellcasting
  8704 | D:9      | Got a transparent leather armour
  9475 | D:7      | Reached XP level 9. HP: 52/52 MP: 14/20
 10204 | D:7      | Reached skill level 8 in Conjurations
 10403 | D:7      | Slain by a killer bee

Vault maps used:
D:1:      lemuel_arrival_tunnels
D:2:      grunt_temple_overflow_order_and_chaos_2, overflow_temple_1_default,
          patterned_corridor
D:3:      chequers_temple_overflow_statue_of_worship, uniq_natasha, uniq_robin
D:4:      old_standard_altar, minmay_temple_entry_statues_fountains,
          serial_shops, shop_fountains, uniq_grinder
D:5:      first_bread
D:6:      led_sif_book, serial_bayou_crossing
D:8:      lemuel_crystal_altar, nicolae_overflow_hidden_temple, erik_lair_dragon
D:9:      uniq_grum
Temple:   nicolae_temple_x_marks_the_god

Skill      XL: |  1  2  3  4  5  6  7  8  9 |
---------------+----------------------------+-----
Dodging        | 3 4 5 6 7 |  7.8
Conjurations   | 5 6 7 8 |  8.0
Fighting       | 1 2 3 4 |  4.8
Hexes          | 1 3 4 |  4.6
Spellcasting   | 4 6 |  6.0
Translocations | 3 |  3.8
Stealth        | |  2.4

Action                   |  1- 3 |  4- 6 |  7- 9 || total
-------------------------+-------+-------+-------++-------
Melee: Dagger            |     7 |    34 |    51 ||    92
 Cast: Magic Dart        |    72 |    61 |   111 ||   244
       Searing Ray       |     2 |    19 |    33 ||    54
       Dazzling Spray    |       |       |     9 ||     9
  Use: Scroll            |       |     5 |     4 ||     9
       Potion            |       |       |    10 ||    10
 Stab: Invisible         |       |       |     2 ||     2
  Eat: Chunk             |     4 |    12 |     9 ||    25
       Bread ration      |       |       |     1 ||     1
Armor: Robe              |     3 |    14 |    20 ||    37
       Skin              |       |       |    18 ||    18
Dodge: Dodged            |    13 |    42 |   150 ||   205
